 Dungeon Crawl Stone Soup version 0.19.5 (webtiles) character file.

12826 Jynx the Bludgeoner (level 11, -1/107 HPs)
             Began as a Minotaur Fighter on Mar 11, 2017.
             Was a High Priest of Okawaru.
             Slain by a fire bat (9 damage)
             ... on level 1 of the Lair of Beasts.
             The game lasted 00:15:41 (9934 turns).

Jynx the Bludgeoner (Minotaur Fighter)              Turns: 9934, Time: 00:15:43

Health: -1/107     AC: 14    Str: 24    XL:     11   Next: 67%
Magic:  8/10       EV: 10    Int:  5    God:    Okawaru [*****.]
Gold:   408        SH:  0    Dex: 10    Spells: 0 memorised, 10 levels left

rFire  . . .     SeeInvis .     D - +2 flail (crush)
rCold  + . .     Gourm    .     r - +0 chain mail {rC+}
rNeg   . . .     Faith    .     (no shield)
rPois  +         Spirit   .     (helmet restricted)
rElec  .         Reflect  .     i - +2 cloak
rCorr  .         Harm     .     (no gloves)
MR     .....                    (no boots)
Stlth  ..........               s - amulet of regeneration
                                F - +5 ring of slaying (curse)
                                M - ring of poison resistance

@: heroism
A: retaliatory headbutt, horns 2
a: Heroism, Finesse, Renounce Religion


You were on level 1 of the Lair of Beasts.
You worshipped Okawaru.
Okawaru was extremely pleased with you.
You were not hungry.

You visited 3 branches of the dungeon, and saw 13 of its levels.

You collected 408 gold pieces.

Inventory:

Hand Weapons
 D - a +2 flail of crushing (weapon)
Armour
 c - a +0 shield
 i - a +2 cloak (worn)
 r - a +0 chain mail of cold resistance (worn)
Jewellery
 e - an uncursed ring of protection from fire
 s - an amulet of regeneration (around neck)
 w - an uncursed ring of flight
 F - a cursed +5 ring of slaying (right hand)
 M - a ring of poison resistance (left hand)
Wands
 a - a wand of polymorph (7/24)
 y - a wand of slowing (20/48)
 G - a wand of lightning (8/15)
 H - a wand of confusion (30/48)
 K - a wand of confusion (22/48)
 P - a wand of acid (6/15)
Scrolls
 h - 2 scrolls of magic mapping
 j - 2 scrolls of fear
 l - 8 scrolls of remove curse
 n - a scroll of immolation
 q - a scroll of enchant armour
 t - 2 scrolls of teleportation
 C - a scroll of blinking
 I - a scroll of noise {unknown}
 J - a scroll of amnesia {unknown}
 L - a scroll of holy word {unknown}
 N - a scroll of brand weapon {unknown}
 Q - a scroll of recharging {unknown}
Potions
 b - 3 potions of brilliance {unknown}
 d - 3 potions of might
 g - a potion of invisibility {unknown}
 k - 2 potions of mutation {unknown}
 u - 6 potions of curing
 v - 4 potions of lignification {unknown}
 x - a potion of haste {unknown}
 z - a potion of cancellation {unknown}
 A - a potion of cure mutation {unknown}
 B - 2 potions of agility {unknown}
 E - 3 potions of flight {unknown}
 O - a potion of magic {unknown}
 R - a potion of beneficial mutation {unknown}
Comestibles
 f - 9 bread rations
 m - a slice of pizza
 o - 5 meat rations
 p - 11 beef jerkies
 S - 2 chunks of flesh


   Skills:
 + Level 13.1(18.1) Fighting
 * Level 17.1(22.1) Maces & Flails
 - Level 3.6(8.6) Armour
 - Level 3.6(8.6) Shields


You had 10 spell levels left.
You didn't know any spells.

Dungeon Overview and Level Annotations

Branches:
Dungeon (11/15)            Temple (1/1) D:4            Lair (1/6) D:11
    Orc (0/2) D:9

Altars:
Ashenzari
Elyvilon
Fedhas
Gozag
Hepliaklqana
Makhleb
Okawaru
Qazlal
Ru
Sif Muna
Trog
Vehumet
Xom
Yredelemnul
Zin
The Shining One

Shops:
D:11 (

Annotations:
D:10 exclusion: ice statue


Innate Abilities, Weirdness & Mutations

You reflexively headbutt those who attack you in melee.
You have a pair of horns on your head.


Message History

You gain the combat prowess of a mighty hero.
The fire bat bites you but does no damage.
The fire bat closely misses you.
The fire bat bites you but does no damage.
You are too injured to fight recklessly!
You are too injured to fight recklessly!
You closely miss the molten gargoyle.
The molten gargoyle hits you with a mace.
* * * LOW HITPOINT WARNING * * *
You are engulfed in flames!
* * * LOW HITPOINT WARNING * * *
You bludgeon the molten gargoyle!!
The molten gargoyle is almost destroyed.
You hit the molten gargoyle. You headbutt the molten gargoyle.
You destroy the molten gargoyle!
Okawaru accepts your kill. The fire bat bites you.
* * * LOW HITPOINT WARNING * * *
You are engulfed in flames!
You die...

≈≈§§#..≈§≈§§....
≈≈§§#..§§≈§≈....
≈≈§≈≈..≈≈§≈≈....
≈≈≈§#...).......
.##≈####...........
..................
#....###..#.......
#...#####b#.......
#...#.###@#.......
#.........b.≈≈≈≈≈.
#....†......≈###≈.....
#....P#...#.≈# #≈.....
#.........#.≈###≈.... ..
##..#####.#.≈≈≈≈≈... ..
#...#####.#.......#
..##.
##..#P##.....#.#.###....
.
##.................#..#
..


You could see 2 fire bats.

Vanquished Creatures
  A hill giant (D:11)
  An ugly thing (D:11)
  A cyclops (D:11)
  A spiny frog (Lair:1)
  2 molten gargoyles (Lair:1)
  2 kobold demonologists (D:10)
  A hornet (D:8)
  Prince Ribbit (D:8)
  5 trolls
  2 hippogriffs
  The ghost of mikkilangelo the Zephyrmancer, an amateur TeAE (D:6)
  9 yaks
  2 hungry ghosts
  Menkaure (D:5)
  A soldier ant (D:9)
  7 orc warriors
  2 ice beasts (D:5)
  3 sky beasts
  A hornet zombie (D:9)
  6 ogres
  11 centaurs
  2 crocodiles (D:11)
  3 big kobolds
  4 bullfrogs
  2 water moccasin zombies
  6 scorpions
  24 killer bees
  5 electric eels (D:10)
  2 howler monkeys
  4 wights (D:7)
  2 crimson imps
  2 bullfrog zombies
  A quasit (D:11)
  6 hounds
  A centaur zombie (D:7)
  3 bullfrog skeletons
  A centaur skeleton (D:9)
  2 jellies
  5 orc wizards
  Crazy Yiuf (D:2)
  6 orc priests
  2 iguanas
  4 worker ants
  A hound zombie (D:6)
  2 hound skeletons
  4 worker ant zombies
  7 gnolls
  6 adders
  4 river rats (D:11)
  An ooze (D:5)
  2 adder skeletons
  A worm (D:5)
  A dart slug (D:2)
  4 leopard geckos
  34 orcs
  8 giant cockroaches
  6 goblins
  7 hobgoblins
  5 jackals
  6 quokkas
  2 ball pythons (D:2)
  11 bats
  2 frilled lizards
  A giant cockroach zombie (D:6)
  A jackal skeleton (D:8)
  7 kobolds
  A quokka skeleton (D:7)
  14 rats
  A bush (D:8)
288 creatures vanquished.

Vanquished Creatures (others)
  A fungus (D:11)
1 creature vanquished.

Grand Total: 289 creatures vanquished

Notes
Turn   | Place    | Note
-------+----------+-------------------------------------------
     0 | D:1      | Jynx the Minotaur Fighter began the quest for the Orb.
     0 | D:1      | Reached XP level 1. HP: 19/19 MP: 0/0
   159 | D:1      | Reached skill level 3 in Maces & Flails
   277 | D:1      | Found a shattered altar of Ashenzari.
   401 | D:1      | Reached XP level 2. HP: 27/27 MP: 1/1
   831 | D:2      | Reached XP level 3. HP: 33/33 MP: 2/2
   835 | D:2      | Reached skill level 4 in Maces & Flails
   850 | D:2      | Reached XP level 4. HP: 17/41 MP: 3/3
  1303 | D:2      | Found a blossoming altar of Fedhas.
  1400 | D:2      | Found a radiant altar of Vehumet.
  1588 | D:2      | Found a runed door.
  1792 | D:2      | Noticed Crazy Yiuf
  1797 | D:2      | Killed Crazy Yiuf
  1797 | D:2      | Reached skill level 5 in Fighting
  1797 | D:2      | Reached skill level 5 in Maces & Flails
  1950 | D:3      | Reached XP level 5. HP: 46/48 MP: 4/4
  2468 | D:4      | Found a sacrificial altar of Ru.
  2533 | D:4      | Found a staircase to the Ecumenical Temple.
  2545 | Temple   | Entered the Ecumenical Temple
  2556 | Temple   | Became a worshipper of Warmaster Okawaru
  2585 | D:4      | Reached skill level 6 in Maces & Flails
  2732 | D:4      | Reached XP level 6. HP: 37/57 MP: 5/5
  3210 | D:4      | Found a faded altar of an unknown god.
  3210 | D:4      | Found a faded altar of an unknown god.
  3215 | D:4      | Found a glowing silver altar of Zin.
  3217 | D:4      | Found a faded altar of an unknown god.
  3218 | D:4      | Found a faded altar of an unknown god.
  3238 | D:5      | Entered Level 5 of the Dungeon
  3239 | D:5      | Noticed an ice beast
  3250 | D:5      | Killed an ice beast
  3294 | D:5      | Reached skill level 7 in Maces & Flails
  3344 | D:5      | Noticed an ice beast
  3353 | D:5      | Killed an ice beast
  3353 | D:5      | Reached * piety under Okawaru
  3353 | D:5      | Reached XP level 7. HP: 56/64 MP: 6/6
  3374 | D:5      | Noticed Menkaure
  3380 | D:5      | Killed Menkaure
  3460 | D:5      | Reached skill level 8 in Maces & Flails
  3599 | D:5      | Found an iron altar of Okawaru.
  3655 | D:5      | Found a stormy altar of Qazlal.
  3815 | D:6      | Reached skill level 9 in Maces & Flails
  3913 | D:6      | Reached XP level 8. HP: 39/73 MP: 7/7
  3922 | D:6      | Reached ** piety under Okawaru
  4059 | D:6      | Noticed mikkilangelo's ghost (amateur TeAE)
  4068 | D:6      | Killed mikkilangelo's ghost
  4165 | D:6      | Reached skill level 10 in Maces & Flails
  4371 | D:6      | Found a deep blue altar of Sif Muna.
  4372 | D:6      | Found a shimmering altar of Xom.
  4373 | D:6      | Found a burning altar of Makhleb.
  4376 | D:6      | Found a white marble altar of Elyvilon.
  4377 | D:6      | Found a hazy altar of Hepliaklqana.
  4631 | D:6      | Reached *** piety under Okawaru
  4631 | D:6      | Reached skill level 11 in Maces & Flails
  5022 | D:7      | Reached XP level 9. HP: 57/83 MP: 8/8
  5246 | D:7      | Reached skill level 12 in Maces & Flails
  5528 | D:8      | HP: 1/85 [ogre/giant spiked club (25)]
  5884 | D:8      | Reached **** piety under Okawaru
  5884 | D:8      | Reached skill level 10 in Fighting
  5899 | D:8      | Found a basalt altar of Yredelemnul.
  6086 | D:8      | Reached skill level 13 in Maces & Flails
  6184 | D:8      | Noticed Prince Ribbit
  6197 | D:8      | Killed Prince Ribbit
  6330 | D:8      | Reached XP level 10. HP: 65/94 MP: 7/9
  6867 | D:9      | Reached skill level 14 in Maces & Flails
  6976 | D:9      | Reached ***** piety under Okawaru
  7053 | D:9      | Found a staircase to the Orcish Mines.
  7541 | D:10     | Entered Level 10 of the Dungeon
  7913 | D:10     | Reached skill level 15 in Maces & Flails
  8048 | D:10     | Received a gift from Okawaru
  8052 | D:10     | Noticed a sixfirhy
  8054 | D:10     | Noticed a sun demon
  8230 | D:10     | Noticed an ice statue
  8411 | D:10     | Reached XP level 11. HP: 85/104 MP: 10/10
  8604 | D:11     | Found a blossoming altar of Fedhas.
  8645 | D:11     | Reached skill level 16 in Maces & Flails
  8772 | D:11     | Noticed a hill giant
  8777 | D:11     | Killed a hill giant
  9084 | D:11     | Noticed a red ugly thing
  9095 | D:11     | Killed a red ugly thing
  9523 | D:11     | Found Gemp's Weapon Shoppe.
  9568 | D:11     | Found a staircase to the Lair.
  9768 | Lair:1   | Entered Level 1 of the Lair of Beasts
  9878 | Lair:1   | Reached skill level 17 in Maces & Flails
  9934 | Lair:1   | Slain by a fire bat

Skill      XL: |  1  2  3  4  5  6  7  8  9 10 11 |
---------------+----------------------------------+-----
Maces & Flails | 3 4 5 6 7 9 11 13 15 17 | 17.1
Fighting       | 4 5 6 7 9 10 12 13 | 13.1
Armour         | |  3.6
Shields        | |  3.6

Action                   |  1- 3 |  4- 6 |  7- 9 | 10-12 || total
-------------------------+-------+-------+-------+-------++-------
Melee: Flail             |    49 |    42 |   220 |   296 ||   607
       Headbutt          |     6 |    13 |    41 |    55 ||   115
       Morningstar       |       |    90 |     4 |       ||    94
       Punch             |       |       |       |     2 ||     2
Invok: Heroism           |       |       |     5 |     8 ||    13
Evoke: Wand              |       |       |       |     2 ||     2
  Use: Scroll            |       |     4 |     5 |     2 ||    11
  Eat: Chunk             |       |     6 |    10 |    13 ||    29
       Pizza             |       |       |     1 |       ||     1
Armor: Scale mail        |    21 |    15 |       |       ||    36
       Chain mail        |       |    71 |    97 |   181 ||   349
Dodge: Dodged            |    26 |    68 |    79 |   157 ||   330
